Map: [ESL] Cosmic Sapphire

Players

TeebuL - Winner!

  • Race: Protoss Protoss
  • Spawn Location: 11:00

Probe

  • Race: Protoss Protoss
  • Spawn Location: 5:00

Event: DreamHack SC2 Masters 2022 Atlanta (Online)

VOD

Have the link to the VOD?

Description

Time

  • Played on: Oct. 1, 2022, 4:28 a.m.
  • Length: 13:43

All games in this series

Show
View Real Time Build Order
Export as new Build Order

TeebuL Protoss - Winner!

Build Orders: 1 Gate Expand, Oracle Opening 

Get SALT Encoding   

  12  0:00  Probe  
  13  0:12  Probe  
  14  0:18  Pylon  
  14  0:24  Probe (Chrono Boost)  
  15  0:37  Gateway, Probe (Chrono Boost)  
  16  0:44  Probe (Chrono Boost)  
  16  0:46  Assimilator  
  17  0:52  Probe  
  18  1:04  Probe  
  19  1:16  Probe  
  20  1:24  Nexus  
  20  1:33  Cybernetics Core  
  20  1:35  Probe  
  21  1:41  Assimilator  
  21  1:47  Probe  
  21  1:51  Pylon  
  22  1:59  Probe  
  23  2:10  Adept (Chrono Boost)  
  23  2:11  Probe  
  26  2:20  Stargate  
  26  2:23  Probe  
  27  2:33  Stalker  
  29  2:38  Probe x2  
  31  2:49  Shield Battery  
  31  3:00  Pylon  
  31  3:03  Oracle (Chrono Boost), Stalker  
  36  3:14  Probe  
  36  3:15  Pylon  
  36  3:19  Probe (Chrono Boost)  
  38  3:27  Probe (Chrono Boost)  
  39  3:29  Warp Gate  
  39  3:31  Probe (Chrono Boost)  
  39  3:32  Shield Battery  
  40  3:39  Probe (Chrono Boost)  
  41  3:43  Probe (Chrono Boost)  
  41  3:47  Probe  
  46  3:54  Probe  
  48  4:00  Probe  
  43  4:06  Probe  
  43  4:08  Oracle (Chrono Boost)  
  44  4:12  Probe (Chrono Boost)  
  45  4:22  Twilight Council  
  47  4:24  Probe x2 (Chrono Boost)  
  47  4:27  Gateway  
  47  4:28  Gateway  
  47  4:29  Pylon  
  47  4:30  Probe (Chrono Boost)  
  47  4:32  Probe (Chrono Boost)  
  47  4:36  Assimilator  
  47  4:38  Probe  
  47  4:43  Probe  
  49  4:47  Pylon  
  49  4:51  Probe (Chrono Boost)  
  48  4:54  Blink (Chrono Boost)  
  47  5:00  Probe (Chrono Boost)  
  47  5:03  Nexus, Probe (Chrono Boost), Pylon  
  48  5:10  Probe (Chrono Boost)  
  48  5:11  Probe (Chrono Boost)  
  49  5:19  Probe, Stalker  
  49  5:21  Probe  
  49  5:23  Stalker x2  
  54  5:31  Dark Shrine  
  54  5:37  Probe  
  54  5:42  Stalker  
  57  5:43  Shield Battery  
  57  5:49  Probe  
  58  5:55  Stalker x2  
  62  5:57  Probe  
  62  6:02  Probe  
  62  6:03  Pylon  
  64  6:05  Gateway  
  64  6:09  Probe  
  65  6:11  Assimilator  
  65  6:14  Pylon  
  65  6:15  Probe  
  66  6:20  Stalker x2  
  66  6:23  Probe  
  66  6:25  Probe  
  72  6:27  Probe  
  72  6:28  Stalker  
  75  6:35  Probe  
  75  6:37  Probe  
  75  6:39  Probe  
  78  6:47  Dark Templar x2, Probe  
  78  6:53  Probe  
  84  6:54  Stalker  
  84  6:56  Probe  
  84  6:59  Gateway  
  84  7:00  Probe  
  88  7:03  Stalker  
  88  7:05  Probe  
  91  7:08  Probe  
  91  7:09  Forge  
  91  7:12  Probe  
  93  7:18  Probe  
  93  7:20  Probe  
  95  7:24  Probe  
  95  7:26  Stalker x2  
  95  7:29  Pylon  
  100  7:31  Pylon  
  100  7:33  Probe  
  100  7:34  Pylon  
  101  7:43  Protoss Ground Weapons Level 1 (Chrono Boost)  
  101  7:47  Probe  
  101  7:48  Probe  
  101  7:52  Probe  
  101  7:55  Stalker x5  
  101  7:56  Charge  
  110  8:17  Nexus  
  110  8:20  Zealot x4, Sentry, Gateway  
  110  8:21  Robotics Facility, Gateway  
  110  8:23  Pylon  
  120  8:32  Pylon  
  114  8:47  Stalker x5  
  124  8:57  Probe  
  125  9:13  Observer (Chrono Boost)  
  126  9:17  Zealot x7  
  126  9:18  Pylon  
  126  9:22  Assimilator, Pylon  
  140  9:25  Photon Cannon, Pylon  
  140  9:27  Photon Cannon  
  140  9:28  Photon Cannon  
  140  9:29  Warp Prism (Chrono Boost)  
  142  9:40  Zealot x4  
  149  9:48  Stalker x3  
  155  9:53  Protoss Ground Weapons Level 2 (Chrono Boost)  
  147  10:09  Dark Templar x4  
  147  10:11  Zealot x3  
  161  10:21  Gateway x2  
  161  10:22  Photon Cannon  
  161  10:24  Gateway, Pylon  
  161  10:48  Zealot x7  
  137  11:08  Zealot x6  
  137  11:09  Zealot  
  133  11:16  Probe x4  
  129  11:24  Zealot x3  
  131  11:28  Probe x3  
  131  11:29  Shadow Stride (Chrono Boost), Probe  
  131  11:35  Dark Templar x6  
  143  11:40  Probe x2  
  143  11:41  Probe  
  143  11:43  Stalker  
  148  11:50  Nexus  
  148  11:51  Zealot x3  
  148  11:57  Zealot, Dark Templar x2  
  148  12:00  Pylon  
  152  12:08  Gateway x2  
  152  12:14  Dark Templar x7  
  147  12:37  Pylon  
  147  12:39  Pylon  
  147  12:42  Pylon  
  147  12:44  Pylon  
  130  13:05  Zealot x9  
  130  13:06  Zealot  
  130  13:11  Nexus  
Show
View Real Time Build Order
Export as new Build Order

Probe Protoss 

Build Orders: Oracle Opening 

Get SALT Encoding   

  12  0:00  Probe  
  13  0:12  Probe  
  14  0:17  Pylon  
  14  0:24  Probe (Chrono Boost)  
  15  0:36  Probe (Chrono Boost)  
  15  0:39  Gateway  
  16  0:44  Probe (Chrono Boost)  
  16  0:46  Assimilator  
  17  0:51  Probe  
  17  0:56  Assimilator  
  18  1:03  Probe (Chrono Boost)  
  19  1:10  Gateway  
  19  1:14  Probe (Chrono Boost)  
  20  1:19  Probe (Chrono Boost)  
  21  1:27  Cybernetics Core  
  21  1:30  Probe  
  22  1:36  Pylon  
  22  1:42  Probe  
  23  1:55  Probe  
  24  2:03  Stalker  
  24  2:04  Stalker  
  24  2:07  Probe  
  29  2:17  Stargate  
  29  2:22  Warp Gate (Chrono Boost)  
  29  2:44  Nexus  
  29  2:46  Pylon  
  29  2:50  Probe  
  30  3:03  Oracle (Chrono Boost), Probe  
  34  3:10  Shield Battery  
  35  3:26  Shield Battery  
  34  3:33  Oracle  
  37  3:43  Probe  
  38  3:50  Pylon  
  38  3:55  Probe  
  38  3:58  Probe  
  39  4:03  Stalker  
  39  4:05  Stalker  
  43  4:11  Probe  
  43  4:15  Probe  
  45  4:23  Probe  
  45  4:27  Probe  
  46  4:35  Probe  
  46  4:36  Stalker  
  46  4:38  Stalker  
  51  4:40  Probe  
  52  4:47  Probe  
  52  4:52  Probe  
  54  4:59  Probe  
  52  5:01  Robotics Facility  
  52  5:04  Probe  
  53  5:11  Probe  
  53  5:13  Stalker x2  
  57  5:16  Probe  
  58  5:23  Probe (Chrono Boost)  
  58  5:25  Forge  
  60  5:28  Probe (Chrono Boost)  
  61  5:35  Probe (Chrono Boost)  
  61  5:40  Probe (Chrono Boost)  
  62  5:43  Nexus  
  62  5:44  Nexus  
  62  5:47  Probe (Chrono Boost)  
  62  5:48  Probe, Pylon  
  61  6:04  Observer (Chrono Boost)  
  61  6:07  Pylon  
  61  6:09  Probe  
  62  6:11  Shield Battery, Probe  
  62  6:17  Twilight Council  
  63  6:19  Gateway  
  63  6:22  Probe, Gateway  
  64  6:27  Immortal (Chrono Boost)  
  68  6:35  Probe x2  
  68  6:37  Protoss Ground Weapons Level 1  
  70  6:52  Charge (Chrono Boost), Gateway  
  70  6:53  Gateway  
  70  6:54  Gateway  
  70  6:58  Probe, Gateway  
  71  7:08  Templar Archives, Probe  
  72  7:09  Probe  
  72  7:12  Assimilator  
  72  7:14  Shield Battery  
  73  7:23  Observer  
  73  7:25  Zealot x2  
  73  7:28  Photon Cannon  
  77  7:30  Photon Cannon  
  77  7:36  Observer (Chrono Boost)  
  76  7:39  Probe  
  76  7:41  Probe  
  73  7:56  Probe  
  74  8:03  Photon Cannon  
  73  8:06  Pylon  
  73  8:23  Observer  
  73  8:37  Nexus  
  73  8:38  Pylon  
  73  8:39  Pylon  
  71  8:42  Probe  
  71  8:45  Protoss Ground Weapons Level 2 (Chrono Boost)  
  69  8:55  Immortal (Chrono Boost), Pylon  
  70  8:58  High Templar x2, Pylon  
  70  8:59  Zealot x3  
  80  9:03  Archon  
  80  9:12  Zealot x3  
  80  9:13  Pylon  
  86  9:22  Zealot x2  
  90  9:26  Warp Prism (Chrono Boost)  
  92  9:33  Probe  
  92  9:34  Probe  
  94  9:40  Photon Cannon  
  94  9:41  High Templar  
  94  9:43  High Templar  
  98  9:48  Archon  
  98  9:53  Probe  
  98  9:54  Zealot  
  98  9:55  Zealot, Observer  
  98  9:57  Zealot  
  106  10:02  Zealot  
  107  10:17  Zealot x4  
  107  10:21  Pylon  
  114  10:24  Robotics Bay  
  114  10:27  Zealot x2  
  114  10:35  Zealot  
  114  10:36  Zealot  
  114  10:40  Stalker x2  
  114  10:42  Zealot  
  124  10:44  Zealot  
  125  10:53  Zealot x2  
  127  10:59  Zealot x2  
  89  11:12  Zealot x6  
  89  11:13  Zealot  
  89  11:16  Disruptor (Chrono Boost)  
  96  11:22  Probe  
  96  11:23  Stalker  
  91  11:29  Probe x2  
  91  11:34  Probe  
  91  11:35  Zealot x2, High Templar x2  
  100  11:41  Probe  
  100  11:42  Stalker  
  100  11:44  Zealot x2, Archon  
  105  11:52  Zealot  
  107  11:58  Zealot x2  
  111  12:02  Pylon  
  112  12:15  Zealot x6  
  114  12:19  Probe  
  94  12:37  Photon Cannon  
  94  12:38  Photon Cannon  
  94  12:39  Zealot, Photon Cannon  
  90  12:50  Zealot x2  
Tags
 
Add a new tag
Caveats
  • Supply blocks, unpowered buildings, or Contaminate may cause inaccurate times.
  • Supply counts are checked every 10 seconds.